 Dungeon Crawl Stone Soup version 0.19-a0-1008-g4c63d25 (webtiles) character file.

6122 Implojin the Carver (level 11, -2/77 (78) HPs)
             Began as a Halfling Assassin on July 23, 2016.
             Was a Believer of Okawaru.
             Slain by a death yak (6 damage)
             ... on level 9 of the Dungeon.
             The game lasted 00:29:16 (11078 turns).

Implojin the Carver (Halfling Assassin)            Turns: 11078, Time: 00:29:17

HP:   -2/77 (78)    AC: 10    Str: 11    XL:     11   Next: 12%
MP:   13/13         EV: 27    Int: 10    God:    Okawaru [**....]
Gold: 458           SH:  0    Dex: 20    Spells: 0 memorised, 10 levels left

rFire  . . .     SeeInvis .     O - +0 long sword
rCold  . . .     Gourm    .     x - +0 ring mail
rNeg   . . .     Faith    .     (shield restricted)
rPois  .         Spirit   .     v - +1 helmet
rElec  .         Dismiss  .     K - +0 cloak
rCorr  .         Reflect  .     M - +0 pair of gloves
SustAt +         Harm     .     (no boots)
MR     .....                    (no amulet)
Stlth  ++++......               W - +4 ring of evasion
                                S - ring of sustain attributes

@: heroism, not resistant to hostile enchantments, stealthy
A: mutation resistance 1
a: Heroism, Renounce Religion


You were on level 9 of the Dungeon.
You worshipped Okawaru.
Okawaru was pleased with you.
You were not hungry.

You visited 2 branches of the dungeon, and saw 10 of its levels.
You also visited: Sewer.

You collected 458 gold pieces.

Inventory:

Hand Weapons
 a - a +2 dagger
 b - a +0 blowgun
 p - a +0 rapier
 u - a +1 hunting sling of freezing
 y - a +2 short sword of venom
 B - a +2 falchion
 I - a +3 short sword
 O - a +0 long sword (weapon)
Missiles
 e - 53 poisoned needles
 h - 16 tomahawks
 z - 193 stones (quivered)
Armour
 k - a +0 leather armour
 v - a +1 helmet (worn)
 x - a +0 ring mail (worn)
 G - a +0 scale mail
 K - a +0 cloak (worn)
 M - a +0 pair of gloves (worn)
 N - a +0 plate armour
 X - a +0 chain mail
 Z - a +2 robe of fire resistance
Jewellery
 S - a ring of sustain attributes (left hand)
 W - a +4 ring of evasion (right hand)
 Y - an uncursed ring of sustain attributes
Wands
 j - a wand of random effects (6/48)
 R - a wand of iceblast (9/15)
 U - a wand of confusion (25/48)
Scrolls
 i - 2 scrolls of random uselessness
 q - a scroll of blinking
 r - 3 scrolls of enchant weapon
 w - a scroll of amnesia
 C - a scroll of magic mapping {unknown}
 D - a scroll of teleportation {unknown}
 F - 3 scrolls of fog
 H - 4 scrolls of remove curse
 J - 2 scrolls of immolation {unknown}
Potions
 d - a potion of heal wounds
 m - 6 potions of curing
 n - a potion of lignification
 o - a potion of cure mutation
 A - 3 potions of magic
 E - a potion of haste
 P - a potion of might
 T - a potion of flight
Comestibles
 c - a royal jelly
 g - 6 bread rations
 l - 3 meat rations
 s - 3 beef jerkies
 L - 5 fruits


   Skills:
 - Level 8.3(13.3) Fighting
 - Level 3.1(14.3) Short Blades
 * Level 10.5(15.6) Long Blades
 - Level 2.1(7.1) Throwing
 - Level 8.1(13.1) Dodging
 - Level 4.3(9.3) Stealth
 - Level 3.5 Invocations


You had 10 spell levels left.
You didn't know any spells.

Dungeon Overview and Level Annotations

Branches:
Dungeon (9/15)             Temple (1/1) D:5
   Lair: D:8-11         Orc: D:9-12

Altars:
Ashenzari
Cheibriados
Dithmenos
Elyvilon
Fedhas
Gozag
Hepliaklqana
Kikubaaqudgha
Makhleb
Nemelex Xobeh
Okawaru
Pakellas
Qazlal
Ru
Sif Muna
Trog
Uskayaw
Vehumet
Xom
Yredelemnul
Zin
The Shining One

Annotations:
D:9 Psyche


Innate Abilities, Weirdness & Mutations

You are small and have problems with some larger weapons.
You are somewhat resistant to further mutation.


Message History

You hit the death yak.
The death yak is heavily wounded.
The death yak closely misses you.
You riposte.
You hit the death yak but do no damage.
The death yak is heavily wounded.
You completely miss the death yak.
The death yak is heavily wounded.
You hit the death yak but do no damage.
The death yak is heavily wounded.
The death yak completely misses you.
You riposte.
You hit the death yak.
The death yak is severely wounded.
You hit the death yak.
The death yak is severely wounded.
The death yak gores you!
* * * LOW HITPOINT WARNING * * *
Unknown command.
You hit the death yak.
The death yak is severely wounded.
The death yak gores you!
* * * LOW HITPOINT WARNING * * *
Unknown command.
You hit the death yak but do no damage.
The death yak is severely wounded.
Your ring mail prevents you from hitting the death yak.
The death yak is severely wounded.
The death yak gores you but does no damage.
You hit the death yak.
The death yak is severely wounded.
The death yak gores you but does no damage.
You hit the death yak.
The death yak is severely wounded.
You hit the death yak but do no damage.
The death yak is severely wounded.
The death yak gores you!!
* * * LOW HITPOINT WARNING * * *
Unknown command.
As you read the scroll of fear, it crumbles to dust.
You assume a fearsome visage.
The death yak resists with some effort.
The death yak gores you.
You die...

...........##.##.............
...............#.####........
...........##.##....#........
............###.....#........
#####...................'.......#
#>.<###..........######+#.......#
#...#.###...............(........
#...#...###....Y.................
#...#.....###...@........÷.....≈≈
#...#.......###)........###.≈≈≈≈.
'...'........<###.......# #.≈≈≈..
#...#.......###.........# #.≈≈≈.≈
#...#.....###...........# ....(≈
#...#...###.............# ......
#...#.###...............# ###...
#>.<###.................# ...
#####.....................


You could see a death yak.

Vanquished Creatures
  A hill giant (D:9)
  Grinder (D:3)
  Eustachio (D:5)
  A hungry ghost (D:6)
  A hippogriff (D:9)
  Edmund (D:4)
  A soldier ant (D:9)
  2 black bears
  2 ice beasts
  5 orc warriors
  3 sky beasts
  An eye of draining (D:9)
  5 necrophages
  A phantom (D:6)
  A wolf (D:9)
  3 ogres
  2 centaurs
  Blork the orc (D:5)
  A water moccasin zombie (D:6)
  4 scorpions
  A water moccasin skeleton (D:9)
  5 killer bees
  4 howler monkeys
  7 wights (D:8)
  4 crimson imps
  A giant frog zombie (D:8)
  A centaur zombie (D:6)
  A giant frog skeleton (D:4)
  2 hounds
  A jelly (D:8)
  6 orc priests
  Crazy Yiuf (D:3)
  Ijyb (D:2)
  3 iguanas
  15 orc wizards
  6 worker ants
  A hound zombie (D:8)
  2 hound skeletons (D:6)
  A howler monkey zombie (D:8)
  A worker ant zombie (D:8)
  4 gnolls (D:7)
  6 adders
  3 shadow imps
  5 white imps (D:9)
  An ufetubus (D:9)
  4 oozes
  An adder skeleton (D:5)
  3 adder zombies
  A worm (D:4)
  2 dart slugs
  3 giant geckos
  24 orcs
  6 bats
  5 giant cockroaches
  10 goblins
  7 hobgoblins
  39 jackals
  14 kobolds
  4 quokkas
  4 ball pythons
  8 giant newts
  A jackal skeleton (D:7)
  A quokka skeleton (D:5)
  A quokka zombie (D:8)
  7 rats
  4 plants (Sewer)
270 creatures vanquished.

Vanquished Creatures (others)
  A centaur (D:6)
  A hound (D:6)
  A worker ant (D:6)
  A quokka (D:6)
  2 plants (Sewer)
6 creatures vanquished.

Grand Total: 276 creatures vanquished

Notes
Turn   | Place    | Note
-------+----------+-------------------------------------------
     0 | D:1      | Implojin the Halfling Assassin began the quest for the Orb.
     0 | D:1      | Reached XP level 1. HP: 14/14 MP: 1/1
    48 | D:1      | Reached skill level 3 in Short Blades
    77 | D:1      | Reached skill level 2 in Fighting
   174 | D:1      | Reached XP level 2. HP: 19/19 MP: 2/2
   399 | D:1      | Reached XP level 3. HP: 16/25 MP: 3/3
   630 | D:1      | Reached skill level 3 in Fighting
  1401 | D:2      | Noticed Ijyb
  1420 | D:2      | Killed Ijyb
  1420 | D:2      | Reached XP level 4. HP: 33/33 MP: 4/4
  1616 | D:2      | Found a radiant altar of Vehumet.
  1618 | D:2      | Found a sparkling altar of Nemelex Xobeh.
  1682 | D:2      | Found a sacrificial altar of Ru.
  2252 | D:3      | Reached skill level 4 in Fighting
  2310 | D:3      | Found a glowing drain.
  2317 | Sewer    | Entered a sewer
  2356 | Sewer    | Reached XP level 5. HP: 36/37 MP: 5/5
  3132 | D:3      | Noticed Grinder
  3204 | D:3      | Reached skill level 5 in Fighting
  3277 | D:3      | Paralysed by Grinder for 7 turns
  3289 | D:3      | Killed Grinder
  3289 | D:3      | Reached skill level 6 in Fighting
  3289 | D:3      | Reached XP level 6. HP: 20/46 MP: 6/6
  3289 | D:3      | Reached XP level 7. HP: 23/52 MP: 7/7
  3621 | D:3      | Found a runed door.
  3625 | D:3      | Noticed Crazy Yiuf
  3633 | D:3      | Killed Crazy Yiuf
  3820 | D:3      | Reached skill level 7 in Fighting
  3974 | D:4      | Found a shattered altar of Ashenzari.
  4347 | D:4      | Noticed Edmund
  4366 | D:4      | Killed Edmund
  4366 | D:4      | Reached XP level 8. HP: 46/61 MP: 8/8
  4707 | D:4      | Reached skill level 8 in Fighting
  5007 | D:5      | Entered Level 5 of the Dungeon
  5108 | D:5      | Reached skill level 1 in Long Blades
  5115 | D:5      | Reached skill level 2 in Long Blades
  5212 | D:5      | Reached skill level 3 in Long Blades
  5357 | D:5      | Found a snail-covered altar of Cheibriados.
  5635 | D:5      | Found an oddly glowing altar of Pakellas.
  5658 | D:5      | Noticed Eustachio
  5687 | D:5      | Killed Eustachio
  5687 | D:5      | Reached skill level 4 in Long Blades
  5729 | D:5      | Noticed Blork the orc
  5761 | D:5      | Killed Blork the orc
  5761 | D:5      | Reached skill level 5 in Long Blades
  5761 | D:5      | Reached XP level 9. HP: 55/67 MP: 9/9
  5853 | D:5      | Found a staircase to the Ecumenical Temple.
  5860 | Temple   | Entered the Ecumenical Temple
  5897 | Temple   | Became a worshipper of Warmaster Okawaru
  6044 | D:5      | Reached skill level 6 in Long Blades
  6234 | D:6      | Reached skill level 7 in Long Blades
  6398 | D:6      | Found a shimmering altar of Xom.
  6508 | D:6      | Reached skill level 8 in Long Blades
  6610 | D:6      | You fall through a shaft!
  6843 | D:6      | Reached skill level 1 in Invocations
  6863 | D:6      | Found a bloodstained altar of Trog.
  6938 | D:6      | Reached skill level 2 in Invocations
  7156 | D:6      | Reached skill level 3 in Invocations
  7165 | D:6      | Reached * piety under Okawaru
  7165 | D:6      | Reached skill level 2 in Dodging
  7289 | D:6      | Found a sparkling altar of Nemelex Xobeh.
  7344 | D:6      | Reached skill level 3 in Dodging
  7391 | D:6      | Found a deep blue altar of Sif Muna.
  7391 | D:6      | Found a glowing golden altar of the Shining One.
  7444 | D:6      | Reached XP level 10. HP: 63/72 MP: 12/12
  7601 | D:7      | Reached skill level 4 in Dodging
  7716 | D:7      | Reached skill level 5 in Dodging
  8690 | D:8      | Reached skill level 6 in Dodging
  8744 | D:8      | Reached skill level 7 in Dodging
  8922 | D:8      | Reached skill level 8 in Dodging
  9417 | D:8      | Found a glowing silver altar of Zin.
  9685 | D:8      | Reached skill level 9 in Long Blades
  9778 | D:9      | Found a shadowy altar of Dithmenos.
 10285 | D:9      | Found a basalt altar of Yredelemnul.
 10373 | D:9      | Noticed Psyche
 10552 | D:9      | Noticed a hill giant
 10558 | D:9      | Killed a hill giant
 10558 | D:9      | Reached ** piety under Okawaru
 10558 | D:9      | Reached skill level 10 in Long Blades
 10558 | D:9      | Reached XP level 11. HP: 77/77 MP: 10/13
 10653 | D:9      | Noticed a death yak
 11078 | D:9      | Slain by a death yak

Vault maps used:
D:1:      lemuel_arrival_broad_hall
D:2:      hangedman_ru_absence, minitemple, first_bread, minmay_misc_feat_roman,
          uniq_iyjb
D:3:      lightli_sewer_entry_pipes, uniq_crazy_yiuf_cottage, uniq_grinder
D:4:      cheibrodos_ashenzari_chains, uniq_edmund
D:5:      marbit_many_paths, lemuel_doored_altar, uniq_eustachio,
          uniq_blork_the_orc
D:6:      gammafunk_temple_overflow_statue, overflow_temple_1_default,
          xom_confusion_cloud, minmay_misc_feat_columns, minmay_misc_feat_room,
          nemelex_dance_club_becter
D:8:      zin_academy, serial_undead, serial_undead_d, serial_undead_f,
          serial_undead_b, serial_undead_d
D:9:      minmay_diamond_stairs, nicolae_overflow_hidden_temple,
          nicolae_dithmenos_the_darkroom, serial_ice, serial_ice_b,
          serial_ice_i, serial_ice_d, serial_ice_m, serial_ice_o, serial_ice_f,
          serial_ice_e, serial_ice_h, serial_shops, nicolae_shop_crystal,
          uniq_psyche
Temple:   jpeg_temple_island
Sewer:    sewer_co_scattered_pipes

Skill      XL: |  1  2  3  4  5  6  7  8  9 10 |
---------------+-------------------------------+-----
Short Blades   | 3 |  3.1
Fighting       | 2 3 4 6 7 8 |  8.3
Long Blades    | 5 8 10 | 10.5
Invocations    | 3 |  3.5
Dodging        | 3 8 |  8.1
Throwing       | |  2.1
Stealth        | |  4.3

Action                   |  1- 3 |  4- 6 |  7- 9 | 10-12 || total
-------------------------+-------+-------+-------+-------++-------
Melee: Dagger            |    91 |   114 |       |       ||   205
       Short sword       |       |   196 |   464 |   256 ||   916
       Long sword        |       |       |       |   280 ||   280
       Punch             |       |       |       |    13 ||    13
 Fire: Blowgun           |       |     2 |     2 |     3 ||     7
Throw: Stone             |       |     1 |     2 |     2 ||     5
Invok: Heroism           |       |       |       |    22 ||    22
  Use: Potion            |     1 |     2 |     3 |       ||     6
       Scroll            |       |     4 |     5 |    11 ||    20
 Stab: Sleeping          |     7 |     4 |    10 |     3 ||    24
  Eat: Chunk             |     1 |     5 |    11 |     9 ||    26
       Meat ration       |       |     1 |       |       ||     1
       Beef jerky        |       |       |     1 |       ||     1
       Fruit             |       |       |     1 |     1 ||     2
       Pizza             |       |       |       |     1 ||     1
Armor: Robe              |     8 |       |       |       ||     8
       Leather armour    |     8 |    14 |       |       ||    22
       Ring mail         |       |    52 |   142 |    62 ||   256
       Skin              |       |       |    19 |       ||    19
Dodge: Dodged            |    55 |   113 |   202 |   314 ||   684

Table legend:
 A = Turns spent in this place as a percentage of turns spent in the entire game.
 B = Non-inter-level travel turns spent in this place as a percentage of non-inter-level travel turns spent in the entire game.
 C = Inter-level travel turns spent in this place as a percentage of turns spent in this place.
 D = Turns resting spent in this place as a percentage of non-inter-level travel turns spent in this place.
 E = Turns spent auto-exploring this place as a percentage of non-inter-level travel turns spent in this place.
 F = Non-inter-level travel turns spent in this place divided by the number of levels of this place that you've seen.
                   A       B       C       D       E      F
               +-------+-------+-------+-------+-------+----------------------
         Total | 100.0 | 100.0 |   0.3 |   2.0 |   4.0 | 399.9
       Dungeon |  88.1 |  88.0 |   0.4 |   2.3 |   4.4 | 430.2
        Temple |   1.5 |   1.5 |   0.0 |   0.0 |   0.0 |  66.0
         Sewer |  10.4 |  10.5 |   0.0 |   0.0 |   2.0 | 461.0
               +-------+-------+-------+-------+-------+----------------------

Table legend:
 A = Kills in this place as a percentage of kills in entire the game.
 B = Kills by you in this place as a percentage of kills by you in the entire game.
 C = Kills by friends in this place as a percentage of kills by friends in the entire game.
 D = Other kills in this place as a percentage of other kills in the entire game.
 E = Experience gained in this place as a percentage of experience gained in the entire game.
 F = Experience gained in this place divided by the number of levels of this place that you have seen.
                   A       B       C       D       E      F
               +-------+-------+-------+-------+-------+----------------------
         Total | 100.0 | 100.0 |  -nan |  -nan | 100.0 | 795.1
       Dungeon |  90.2 |  90.2 |  -nan |  -nan |  99.0 | 961.9
         Sewer |   9.8 |   9.8 |  -nan |  -nan |   1.0 |  89.0
               +-------+-------+-------+-------+-------+----------------------
